 Dungeon Crawl Stone Soup version 0.27-a0-1147-gb3d8e82157 (webtiles) character file.

Game seed: 9855653941259356928

51 shoop the Shooter (level 3, -1/20 HPs)
             Began as a Deep Elf Arcane Marksman on May 11, 2021.
             Splashed by a jelly's acid (4 damage)
             ... on level 2 of the Dungeon.
             The game lasted 00:03:47 (1776 turns).

shoop the Shooter (Deep Elf Arcane Marksman)        Turns: 1776, Time: 00:03:47

Health: -1/20      AC:  2    Str:  8    XL:     3   Next: 57%
Magic:  7/7        EV: 12    Int: 17    God:
Gold:   55         SH:  0    Dex: 15    Spells: 2/5 levels left

rFire    + . .     SeeInvis .   a - +0 shortbow
rCold    . . .     Faith    .   (shield currently unavailable)
rNeg     . . .     Spirit   .   e - +0 robe
rPois    .         Reflect  .   (no helmet)
rElec    .         Harm     .   k - +2 cloak
rCorr    .         Rampage  .   (no gloves)
Will     .....                  h - +0 pair of boots
Stlth    +.........             (no amulet)
HPRegen  0.06/turn              c - ring of protection from fire
MPRegen  0.10/turn              (no ring)

@: corroded
A: no striking features
a: no special abilities


You were on level 2 of the Dungeon.
You visited 1 branch of the dungeon, and saw 2 of its levels.

You collected 55 gold pieces.

Inventory:

Hand Weapons
 a - a +0 shortbow (weapon)
 b - a +2 vampiric short sword
 f - a +0 club
Missiles
 d - 17 arrows (quivered ammo)
Armour
 e - a +0 robe (worn)
 h - a +0 pair of boots (worn)
 k - a +2 cloak (worn)
Jewellery
 c - a ring of protection from fire (left hand)
Scrolls
 i - 3 scrolls of identify {unknown}
 j - a scroll of teleportation {unknown}
Potions
 g - a potion of brilliance {unknown}


   Skills:
 - Level 0.7 Fighting
 + Level 5.3 Bows
 - Level 2.4 Dodging
 - Level 1.5 Spellcasting
 - Level 4.0 Hexes


You had 2 spell levels left.
You knew the following spells:

 Your Spells              Type           Power      Damage    Failure   Level
a - Corona                Hex            15%        N/A       4%          1
b - Slow                  Hex            14%        N/A       6%          2

Your spell library contained the following spells:

 Spells                   Type           Power      Damage    Failure   Level
 Inner Flame              Hex/Fire       8%         N/A       26%         3
 Portal Projectile        Hex/Tloc       16%        N/A       26%         3
 Cause Fear               Hex            7%         N/A       36%         4
 Leda's Liquefaction      Hex/Erth       4%         N/A       65%         4


Dungeon Overview and Level Annotations

Branches:
Dungeon (2/15)

Altars:


Message History

Found a +0 club.
Found a +0 spear and a dagger.
You see here a +0 club.
You see here a +0 spear.
You see here a +0 dagger.
There is an escape hatch in the ceiling here.
A bat comes into view.
A jelly comes into view.
The bat barely misses you. x2
You hit the bat.
The bat is heavily wounded.
The bat misses you.
You hit the bat.
You kill the bat!
The jelly quivers.
The jelly hits you but does no damage.
You hit the jelly.
Your hands burn!
The jelly is moderately wounded.
The jelly barely misses you.
You barely miss the jelly.
The jelly is moderately wounded.
The jelly hits you but does no damage.
You hit the jelly.
Your hands burn!
The jelly is moderately wounded.
The jelly hits you but does no damage. The jelly hits you.
The acid corrodes you!
You are splashed with acid!
* * * LOW HITPOINT WARNING * * *
You are too injured to fight recklessly!
You are too injured to fight recklessly!
The jelly jiggles.
You feel the dreadful sensation subside.
a - a +0 shortbow (weapon)
Fire: 18 arrows
Press: ? - help, Q - select action, (/) - cycle Shift-Dir - straight line, f - jelly
Aim: a jelly (moderately wounded, 90% to hit)
You shoot an arrow. The arrow barely misses the jelly.
The jelly hits you.
* * * LOW HITPOINT WARNING * * *
You are splashed with acid.
You die...

#####...# ##..#
########..#
...........
######.<..
###############...
#.................
#.#############..#
#@# #..# #J# #..#
#.# #..# #.#
#####..# #.#
#.....). #.#
#.####.# #.# #.#
#(# #.. #.. ###


You could see a jelly.

Vanquished Creatures
  A gnoll (D:1)
  2 adders
  4 ball pythons (D:1)
  2 endoplasms (D:1)
  3 goblins
  3 hobgoblins
  2 kobolds
  A quokka (D:1)
  3 bats
  A rat (D:1)
22 creatures vanquished.

Notes
Turn   | Place    | Note
-------+----------+-------------------------------------------
     0 | D:1      | shoop the Deep Elf Arcane Marksman began the quest for the
                  | Orb.
     0 | D:1      | Reached XP level 1. HP: 11/11 MP: 5/5
    40 | D:1      | Reached skill level 3 in Bows
   284 | D:1      | Reached XP level 2. HP: 16/16 MP: 6/6
   439 | D:1      | Reached skill level 4 in Bows
  1197 | D:2      | Reached XP level 3. HP: 19/20 MP: 5/7
  1224 | D:1      | Reached skill level 5 in Bows
  1227 | D:1      | Learned a level 2 spell: Slow
  1267 | D:1      | HP: 1/20 [bat (1)]
  1605 | D:2      | Found a faded altar of an unknown god.
  1776 | D:2      | Splashed by a jelly's acid

Illustrated notes

Levels and vault maps discovered:
D:1:      dpeg_arrival_court, layout_basic, minmay_tromino_v4_b
D:2:      layout_loops_ring, chequers_ecumenical_altar_island,
          serial_park_tiny_pond, roderic_roman_lattice,
          minmay_goblin_kobold_house, uniq_sigmund

Skill      XL: |  1  2  3 |
---------------+----------+-----
Bows           | 3 4 5 |  5.3
Fighting       | |  0.7
Dodging        | |  2.4
Spellcasting   | |  1.5
Hexes          | |  4.0

Action                   || total
-------------------------++-------
Melee: Short sword       ||    60
 Fire: Shortbow          ||    11
 Cast: Corona            ||    24
       Slow              ||     1
 Stab: Sleeping          ||     2
Armor: Robe              ||    19
Dodge: Dodged            ||    40

Table legend: (Time is in decaauts)
 A = Elapsed time spent in this place.
 B = Non-inter-level travel time spent in this place.
 C = Inter-level travel time spent in this place.
 D = Time resting spent in this place.
 E = Time spent auto-exploring this place.
 F = Levels seen in this place.
 G = Mean time per level.
                   A        B        C        D        E       F      G
               +--------+--------+--------+--------+--------+-----+--------+
         Total |   1781 |   1672 |    109 |    405 |    996 |   2 |  890.5 |
       Dungeon |   1781 |   1672 |    109 |    405 |    996 |   2 |  890.5 |
               +--------+--------+--------+--------+--------+-----+--------+

Top non-repeatable levels by time:
     D:1: 1517 daAuts
     D:2: 264 daAuts
